 Dungeon Crawl Stone Soup version 0.21.1-1-g345015f (webtiles) character file.

63 Kairos the Skirmisher (level 4, -4/24 HPs)
             Began as a Vine Stalker Fighter on Apr 23, 2018.
             Slain by a gnoll
             ... wielding a +0 spear
              (6 damage)
             ... on level 2 of the Dungeon.
             The game lasted 00:02:17 (1001 turns).

Kairos the Skirmisher (Vine Stalker Fighter)        Turns: 1001, Time: 00:02:18

Health: -4/24      AC:  6    Str: 19    XL:     4   Next: 10%
Magic:  0/5        EV:  7    Int:  8    God:
Gold:   112        SH:  9    Dex: 14    Spells: 3/3 levels left

rFire    . . .     SeeInvis .   a - +0 war axe
rCold    . . .     Gourm    .   c - +0 shield
rNeg     . . .     Faith    .   b - +0 scale mail
rPois    .         Spirit   +   (no helmet)
rElec    .         Reflect  .   (no cloak)
rCorr    .         Harm     .   (no gloves)
MR       .....                  (no boots)
Stlth    ..........             (no amulet)
HPRegen  0.48/turn              (no ring)
MPRegen  0.09/turn              (no ring)

@: no status effects
A: fangs 2, regeneration 1, magic shield, antimagic bite, no potion heal 3, rot
immunity
a: no special abilities


You were on level 2 of the Dungeon.
You were not hungry.

You visited 1 branch of the dungeon, and saw 2 of its levels.

You collected 112 gold pieces.

Inventory:

Hand Weapons
 a - a +0 war axe (weapon)
Armour
 b - a +0 scale mail (worn)
 c - a +0 shield (worn)
Scrolls
 e - a scroll of random uselessness
 g - a scroll of identify
 k - a scroll of teleportation
Potions
 d - 2 potions of might
 h - a potion of heal wounds
 j - a potion of lignification
 l - 2 potions of curing
 m - a potion of ambrosia
Comestibles
 f - 4 rations
 i - a chunk of flesh


   Skills:
 + Level 3.5 Fighting
 + Level 2.1 Axes
 + Level 2.8 Armour
 + Level 0.1 Dodging
 + Level 3.1 Shields


You had 3 spell levels left.
You didn't know any spells.

Dungeon Overview and Level Annotations

Branches:
Dungeon (2/15)

Altars:
Trog


Innate Abilities, Weirdness & Mutations

You have extremely sharp teeth.
Your natural rate of healing is unusually fast.
When hurt, damage is shared between your health and your magic reserves.
Your bite disrupts and absorbs the magic of your enemies.
Potions cannot restore your health.
You are immune to rotting.


Message History

The gnoll throws a throwing net.
The throwing net hits you.
You become entangled in the net!
You see here a throwing net.
You tear a large gash into the net.
A gnoll opens the door.
Found 8 gold pieces.
Found a stone staircase leading up.
You struggle against the net.
The gnoll hits you with a club.
You struggle against the net.
The gnoll hits you with a club. The gnoll hits you.
The gnoll hits you from afar with a spear.
You rip the net and break free!
You block the gnoll's attack. The gnoll hits you.
The gnoll hits you from afar with a spear.
* * * LOW HITPOINT WARNING * * *
Unknown command.
You hit the gnoll but do no damage. Your bite misses the gnoll.
You hit the gnoll but do no damage. You hit the gnoll. The gnoll hits you.
* * * LOW HITPOINT WARNING * * *
You block the gnoll's attack. x2
The gnoll hits you from afar with a spear.
You die...

.....####### ###
#...........# #..
#...........# #..
#...........# #..
..........# #.. .........#
#.. .<#.#.#g....### #..
$.....ggg...... ....
#@....### ###.. #.....#
### #.....# #.....# ###
########.....# #..
#....†.......##########..
##.######.........#(..##..
..............[...)(....†.
##.########......(#...##†.


You could see 4 gnolls.

Vanquished Creatures
  A gnoll (D:1)
  2 adders (D:2)
  A leopard gecko (D:2)
  An orc (D:2)
  3 bats
  A giant cockroach (D:2)
  7 goblins
  3 hobgoblins (D:1)
  3 jackals (D:2)
  3 kobolds
  3 frilled lizards
  7 rats
35 creatures vanquished.

Notes
Turn   | Place    | Note
-------+----------+-------------------------------------------
     0 | D:1      | Kairos the Vine Stalker Fighter began the quest for the Orb.
     0 | D:1      | Reached XP level 1. HP: 11/11 MP: 2/2
    85 | D:1      | Reached XP level 2. HP: 9/16 MP: 3/3
   360 | D:1      | Reached XP level 3. HP: 18/20 MP: 4/4
   884 | D:2      | Found a bloodstained altar of Trog.
   908 | D:2      | Gained mutation: Your natural rate of healing is unusually fast. [Vine Stalker growth]
   908 | D:2      | Reached XP level 4. HP: 17/24 MP: 5/5
  1001 | D:2      | Slain by a gnoll

Skill      XL: |  1  2  3 |
---------------+----------+-----
Fighting       | 3 |  3.5
Shields        | 3 |  3.1
Axes           | 2 |  2.1
Armour         | |  2.8
Dodging        | |  0.1

Action                   |  1- 3 |  4- 6 || total
-------------------------+-------+-------++-------
Melee: War axe           |    76 |     6 ||    82
       Bite              |    20 |       ||    20
  Use: Scroll            |       |     8 ||     8
Armor: Scale mail        |    34 |     1 ||    35
Dodge: Dodged            |    19 |     2 ||    21
Block: Shield            |    44 |     5 ||    49
